 Dungeon Crawl Stone Soup version 0.31-a0-166-g46f44d267d (webtiles) character file.

Game seed: 12903007965210921508

2 AlphaV0851 the Shooter (level 1, -2/18 HPs)
             Began as a Minotaur Hunter on June 14, 2023.
             Killed from afar by a dart slug (4 damage)
             ... with a slug dart
             ... on level 1 of the Dungeon.
             The game lasted 00:02:39 (166 turns).

AlphaV0851 the Shooter (Minotaur Hunter)             Turns: 166, Time: 00:02:40

Health: -2/18      AC:  3    Str: 15    XL:     1   Next: 33%
Magic:  0/0        EV: 12    Int:  6    God:
Gold:   27         SH:  0    Dex: 13    Spells: 0/0 levels left

rFire   . . .        a - +0 shortbow
rCold   . . .        (shield currently unavailable)
rNeg    . . .        c - +0 leather armour
rPois   .            (helmet restricted)
rElec   .            (no cloak)
rCorr   .            (no gloves)
SInv    .            (no boots)
Will    .....        (no amulet)
Stlth   +            (no ring)
HPRegen 0.23/turn    (no ring)
MPRegen 0.07/turn

%: no passive effects
@: no status effects
A: horns 2, retaliatory headbutt
a: no special abilities


You were on level 1 of the Dungeon.
You visited 1 branch of the dungeon, and saw 1 of its levels.

You collected 27 gold pieces.

Inventory:

Hand Weapons
 a - a +0 shortbow (weapon)
Armour
 c - a +0 leather armour (worn)
Scrolls
 b - a scroll of butterflies
Potions
 d - a potion of curing {unknown}


   Skills:
 + Level 2.6 Fighting
 + Level 4.4 Ranged Weapons
 + Level 2.1 Dodging
 + Level 0.7 Stealth


You couldn't memorise any spells.
You didn't know any spells.
Your spell library was empty.

Dungeon Overview and Level Annotations

Branches:
Dungeon (1/15)

Altars:


Innate Abilities, Weirdness & Mutations

You have a pair of horns on your head.
You reflexively headbutt those who attack you in melee.


Message History

The floor.
There is a stone staircase leading down here.
There is a stone staircase leading down here.
A dart slug comes into view.
An endoplasm comes into view.
Found 18 gold pieces.
The endoplasm quivers.
The dart slug launches a dart at you. The slug dart hits you.
The dart slug launches a dart at you. The slug dart hits you.
You shoot an arrow. The arrow hits the dart slug.
The dart slug is moderately wounded.
The endoplasm freezes you.
You are frozen.
You shoot an arrow.
The arrow hits the dart slug but does no damage.
The dart slug is moderately wounded.
The dart slug closely misses you. The endoplasm hits you.
* * * LOW HITPOINT WARNING * * *
You shoot an arrow. The arrow hits the dart slug.
The dart slug is heavily wounded.
The dart slug launches a dart at you.
The slug dart hits you but does no damage.
The endoplasm jiggles.
The endoplasm freezes you.
You are frozen.
* * * LOW HITPOINT WARNING * * *
You shoot an arrow.
The arrow hits the dart slug but does no damage.
The dart slug is heavily wounded.
The endoplasm hits you.
* * * LOW HITPOINT WARNING * * *
The dart slug closely misses you. The endoplasm attacks as you move away!
The endoplasm barely misses you. The endoplasm attacks as you move away!
The endoplasm hits you.
* * * LOW HITPOINT WARNING * * *
The dart slug launches a dart at you. The slug dart hits you.
You die...

####### #.....# ##############
#.....# #.............
#######.....########.............
........>.......@J...............
.######.....##.......######......
......................w..........
##..........##........#####......
#..........##......#.# #$..#.
#...................... .....
#.........###......###.# #.#.
##.........############.## .#
.....#####............... .


You could see a dart slug and an endoplasm.

Vanquished Creatures
  A giant cockroach (D:1)
  A quokka (D:1)
2 creatures vanquished.

Notes
Turn   | Place    | Note
-------+----------+-------------------------------------------
     0 | D:1      | AlphaV0851 the Minotaur Hunter began the quest for the Orb.
     0 | D:1      | Reached XP level 1. HP: 18/18 MP: 0/0
   166 | D:1      | Killed from afar by a dart slug

Illustrated notes

Levels and vault maps discovered:
D:1:      zelgadis_glass_arrival_small, layout_basic, due_unseen_surprise

Action                     || total
---------------------------++-------
   Fire: Shortbow          ||     8
 Armour: Leather armour    ||     2
  Dodge: Dodged            ||     6

Table legend: (Time is in decaauts)
 A = Elapsed time spent in this place.
 B = Non-inter-level travel time spent in this place.
 C = Inter-level travel time spent in this place.
 D = Time resting spent in this place.
 E = Time spent auto-exploring this place.
 F = Levels seen in this place.
 G = Mean time per level.
                   A        B        C        D        E       F      G
               +--------+--------+--------+--------+--------+-----+--------+
         Total |    167 |    161 |      6 |      0 |      3 |   1 |  167.0 |
       Dungeon |    167 |    161 |      6 |      0 |      3 |   1 |  167.0 |
               +--------+--------+--------+--------+--------+-----+--------+

Top non-repeatable levels by time:
     D:1: 167 daAuts
